 Dungeon Crawl Stone Soup version 0.27.1-3-gb3d3a73c9e (webtiles) character file.

Game seed: 9986044045502480682

280 Asher535 the Chopper (level 6, -4/55 HPs)
             Began as a Hill Orc Monk on Oct 27, 2021.
             Was a Priest of Nemelex Xobeh.
             Slain by an ice beast (9 damage)
             ... on level 4 of the Dungeon.
             The game lasted 00:15:13 (4674 turns).

Asher535 the Chopper (Hill Orc Monk)                Turns: 4674, Time: 00:15:16

Health: -4/55      AC:  9    Str: 16    XL:     6   Next: 27%
Magic:  6/6        EV:  7    Int: 16    God:    Nemelex Xobeh [***...]
Gold:   113        SH:  0    Dex: 13    Spells: 5/5 levels left

rFire    . . .     SeeInvis .   n - +0 war axe
rCold    . . .     Faith    .   (no shield)
rNeg     . . .     Spirit   .   o - +0 chain mail
rPois    .         Reflect  .   (no helmet)
rElec    .         Harm     .   i - scarf {shadows}
rCorr    .         Rampage  .   (no gloves)
Will     .....                  j - +0 pair of boots
Stlth    ..........             (no amulet)
HPRegen  0.18/turn              g - +4 ring of slaying
MPRegen  0.10/turn              s - +6 ring of intelligence

@: no status effects
A: no striking features
a: Renounce Religion, Draw Escape, Draw Destruction, Draw Summoning, Triple Draw


You were on level 4 of the Dungeon.
You worshipped Nemelex Xobeh.
Nemelex Xobeh was most pleased with you.
You visited 1 branch of the dungeon, and saw 4 of its levels.

You collected 113 gold pieces.

Inventory:

Hand Weapons
 a - a +0 hand axe
 n - a +0 war axe (weapon)
 q - the +7 whip of Destiny {drain, rN+}
   (You found it on level 4 of the Dungeon)

   A truly terrible weapon, it drains the life of any living foe it strikes.
   rN:        It protects you from negative energy.
 r - a +0 flail of protection
Missiles
 m - 4 javelins (quivered)
Armour
 b - a +0 robe
 i - a scarf of shadows (worn)
 j - a +0 pair of boots (worn)
 k - a +0 leather armour
 o - a +0 chain mail (worn)
Jewellery
 g - a +4 ring of slaying (left hand)
 s - a +6 ring of intelligence (right hand)
Wands
 l - a wand of iceblast (11)
Scrolls
 c - a scroll of magic mapping {unknown}
 e - 4 scrolls of identify {unknown}
 f - a scroll of amnesia {unknown}
 h - 2 scrolls of teleportation {unknown}
 p - a scroll of enchant armour {unknown}
Potions
 d - a potion of curing {unknown}


   Skills:
 + Level 4.9 Fighting
 + Level 6.8 Axes
 + Level 2.2 Armour
 - Level 2.9 Dodging
 + Level 2.0 Stealth


You had 5 spell levels left.
You didn't know any spells.
Your spell library was empty.

Dungeon Overview and Level Annotations

Branches:
Dungeon (4/15)
 Temple: D:4-7

Altars:
Nemelex Xobeh

Shops:
D:3 [


Message History

You have drawn the Orb.
Press: ? - help, Shift-Dir - straight line, f - ice beast
Aim: an ice beast (severely wounded)
Your orb of destruction hits a rock wall.
The ice beast hits you. The ice beast freezes you!
* * * LOW HITPOINT WARNING * * *
Your orb of destruction hits a rock wall.
Your orb of destruction hits a rock wall.
You draw a card...
You have drawn the Cloud.
Clouds appear around you! The ice beast hits you.
* * * LOW HITPOINT WARNING * * *
The ice beast freezes you!
* * * LOW HITPOINT WARNING * * *
Okay, then.
You draw a card...
You have drawn the Elixir.
You begin rapidly regenerating health and magic.
The ice beast hits you but does no damage.
You barely miss the ice beast.
The ice beast is severely wounded.
The ice beast hits you but does no damage.
You hit the ice beast.
The ice beast is severely wounded.
You hit the endoplasm.
The ice beast hits you but does no damage.
The endoplasm hits you.
* * * LOW HITPOINT WARNING * * *
You hit the ice beast.
The ice beast is severely wounded.
You hit the endoplasm but do no damage.
The ice beast hits you but does no damage.
The endoplasm barely misses you.
You hit the endoplasm.
You kill the endoplasm!
You barely miss the ice beast.
The ice beast hits you but does no damage.
The ice beast hits you.
* * * LOW HITPOINT WARNING * * *
The ice beast freezes you!
You die...
Your body glows with a rainbow of weird colours and disappears.

. .. ...############
..............#
...........##.##
...............#######
...###..#@......<....#
.........Y.....##.##.#
#......#..##......#.#####
..................'......
#..##........#....#.#....
#.. #....................
#. #.............#.#....
#.......###.......)..
#.......# #..###.[...


You could see an ice beast.

Vanquished Creatures
  A black bear (D:4)
  An iguana (D:4)
  An orc wizard (D:3)
  2 adders (D:2)
  A white imp (D:4)
  An adder skeleton (D:2)
  2 worms
  5 dart slugs
  8 orcs
  A bat skeleton (D:2)
  7 endoplasms
  2 giant cockroaches
  6 goblins
  7 hobgoblins
  3 jackals (D:2)
  5 quokkas
  8 ball pythons
  A ball python skeleton (D:2)
  A ball python zombie (D:2)
  7 bats
  6 frilled lizards
  10 kobolds
  7 rats
93 creatures vanquished.

Vanquished Creatures (collateral kills)
  3 orcs (D:4)
3 creatures vanquished.

Vanquished Creatures (others)
  20 plants (D:4)
  A withered plant (D:2)
21 creatures vanquished.

Grand Total: 117 creatures vanquished

Notes
Turn   | Place    | Note
-------+----------+-------------------------------------------
     0 | D:1      | Asher535 the Hill Orc Monk began the quest for the Orb.
     0 | D:1      | Reached XP level 1. HP: 19/19 MP: 1/1
   310 | D:1      | Reached XP level 2. HP: 15/26 MP: 2/2
  1002 | D:1      | Reached XP level 3. HP: 26/33 MP: 3/3
  1520 | D:1      | Reached skill level 5 in Axes
  2081 | D:2      | Found a faded altar of an unknown god.
  2098 | D:2      | Became a worshipper of Nemelex Xobeh the Trickster
  2098 | D:2      | Reached * piety under Nemelex Xobeh
  2098 | D:2      | Received a gift from Nemelex Xobeh
  2098 | D:2      | Reached ** piety under Nemelex Xobeh
  2098 | D:2      | Received a gift from Nemelex Xobeh
  2191 | D:2      | Reached XP level 4. HP: 36/40 MP: 4/4
  2598 | D:2      | Reached *** piety under Nemelex Xobeh
  2808 | D:3      | Found Lekomm's Armour Emporium.
  2987 | D:3      | Reached skill level 1 in Armour
  2987 | D:3      | Reached XP level 5. HP: 34/46 MP: 5/5
  4147 | D:4      | Reached skill level 6 in Axes
  4183 | D:4      | Identified the +7 whip of Destiny {drain, rN+}
  4467 | D:4      | Noticed a black bear
  4474 | D:4      | Killed a black bear
  4475 | D:4      | Reached XP level 6. HP: 36/55 MP: 6/6
  4588 | D:4      | Received a gift from Nemelex Xobeh
  4649 | D:4      | Noticed an ice beast
  4674 | D:4      | Slain by an ice beast

Illustrated notes

Levels and vault maps discovered:
D:1:      scummos_arrival_hexagon, layout_loops_ring, st_stairs_11,
          dk_noncrumbling_3
D:2:      layout_basic, dreamdust_ecumenical_altar_statues, serial_undead,
          serial_undead_e, serial_undead_b, serial_undead_a, serial_undead_d
D:3:      layout_basic, serial_shops, nicolae_shop_statue_plus,
          corexii_hall_statues_l
D:4:      layout_basic, minmay_temple_entry_oklob, uniq_natasha

Skill      XL: |  1  2  3  4  5 |
---------------+----------------+-----
Axes           | 5 6 |  6.8
Fighting       | 4 |  4.9
Stealth        | 2 |  2.0
Armour         | 1 2 |  2.2
Dodging        | |  2.9

Action                   |  1- 3 |  4- 6 || total
-------------------------+-------+-------++-------
Melee: Hand axe          |    88 |    66 ||   154
       War axe           |       |    59 ||    59
Invok: Draw Destruction  |       |     3 ||     3
       Draw Escape       |       |     2 ||     2
       Draw Summoning    |       |     1 ||     1
Evoke: Wand              |       |     1 ||     1
 Stab: Sleeping          |     3 |     1 ||     4
Armor: Robe              |     8 |     1 ||     9
       Leather armour    |       |    25 ||    25
       Chain mail        |       |    29 ||    29
Dodge: Dodged            |    64 |    74 ||   138
